AoeStats
← agcoscojuela

Arena

508191791Analyzed
4v4 RM · 9d ago on Sep 21, 2026· 57m 30s· 8 players
Game mode
Random Map
Map size
Large (8 player)
Population
200
Speed
Normal
Resources
Standard
Victory
Conquest
Starting age
Dark Age
Ending age
Imperial Age
RankedLock teamsTeams togetherTeam positionsShared explorationLock speedFull tech treeHidden civsTurbo modeCheats
Victory
Defeat
🇬🇷 Italians · Greece
846
+6
🇰🇷 Goths · South Korea
702
+10
🇨🇳 Huns · China
691
+11
🇯🇵 Spanish · Japan
383
+23
🇨🇳 Sicilians · China
637
-15
🇩🇰 Japanese · Denmark
613
-14
🇪🇸 Inca · Spain
539
-11
🇨🇭 Inca · Switzerland
500
-10
BlacKHazE.
7:39 Loom
13:44 Feudal Age
14:35 Double-Bit Axe
14:14 Man-at-Arms
14:40 Arson
14:52 Horse Collar
19:43 Wheelbarrow
20:15 Scale Mail Armor
20:26 Forging
24:47 Castle Age
23:33 Stone Mining
27:14 Gambesons
28:04 Bow Saw
27:58 Heavy Plow
28:21 Hand Cart
28:53 Murder Holes
32:07 Imperial Age
30:30 Squires
32:45 Ballistics
32:30 Gold Mining
34:06 Siege Engineers
35:18 Kataparuto
36:28 Chemistry
36:34 Two-Man Saw
36:33 Masonry
37:22 Gold Shaft Mining
42:06 Chain Mail Armor
42:27 Iron Casting
44:27 Plate Mail Armor
43:49 Fletching
43:40 Long Swordsman
44:58 Hoardings
44:48 Conscription
43:56 Elite Samurai
44:35 Pikeman
46:20 Blast Furnace
45:17 Halberdier
ksksdhsf
11:42 Feudal Age
12:36 Double-Bit Axe
12:33 Horse Collar
12:47 Stone Mining
13:01 Loom
13:29 Gold Mining
24:07 Forging
24:37 Arson
27:37 Scale Mail Armor
30:50 Castle Age
30:31 Fletching
31:40 Heavy Plow
31:51 Bow Saw
32:23 Stone Shaft Mining
32:25 Gold Shaft Mining
33:15 Bodkin Arrow
35:21 Squires
36:00 Iron Casting
36:53 Pikeman
41:06 Imperial Age
39:29 Ballistics
39:05 Murder Holes
41:12 Halberdier
41:20 Halberdier
42:17 Masonry
43:05 Conscription
44:14 Blast Furnace
43:30 Chain Mail Armor
48:02 Elite Skirmisher
agcoscojuela
0:28 Loom
17:35 Feudal Age
19:16 Wheelbarrow
18:42 Horse Collar
18:52 Double-Bit Axe
19:01 Stone Mining
19:08 Gold Mining
22:23 Castle Age
23:21 Hand Cart
23:32 Bow Saw
23:26 Heavy Plow
23:24 Fletching
23:45 Forging
23:36 Scale Mail Armor
24:35 Gold Shaft Mining
24:40 Stone Shaft Mining
27:59 Imperial Age
25:44 Bodkin Arrow
27:13 Iron Casting
27:52 Ballistics
28:54 Chain Mail Armor
28:42 Bracer
29:50 Chemistry
29:59 Crop Rotation
29:53 Conscription
33:25 Siege Engineers
34:29 Elite Kamayuk
36:56 Fabric Shields
38:04 Blast Furnace
37:43 Town Watch
39:59 Hoardings
39:49 Town Patrol
40:02 Squires
39:47 Arson
47:03 Plate Mail Armor
tiasma09
0:43 Loom
13:15 Feudal Age
14:33 Wheelbarrow
13:44 Town Watch
13:42 Horse Collar
13:47 Double-Bit Axe
13:59 Gold Mining
14:47 Stone Mining
23:38 Castle Age
23:21 Scale Mail Armor
23:31 Forging
24:49 Town Patrol
25:04 Hand Cart
25:50 Caravan
26:28 Heavy Plow
28:12 Chain Mail Armor
28:54 Iron Casting
28:53 Bow Saw
35:17 Imperial Age
36:27 Elite Kamayuk
38:26 Plate Mail Armor
39:01 Blast Furnace
38:56 Gold Shaft Mining
41:18 Hoardings
57:25 Arrowslits
58:40 Chemistry
58:01 Ballistics
57:31 Guard Tower
57:32 Heated Shot
57:52 Fortified Wall
rananculus
0:31 Loom
13:53 Feudal Age
21:48 Castle Age
20:27 Horse Collar
20:37 Double-Bit Axe
20:51 Stone Mining
21:59 Gold Mining
21:36 Man-at-Arms
24:05 Scale Mail Armor
25:39 Wheelbarrow
24:49 Town Watch
25:42 Long Swordsman
25:43 Pikeman
28:50 Squires
30:48 Heavy Plow
35:03 Forging
35:09 Chain Mail Armor
36:49 Stone Shaft Mining
36:42 Bow Saw
39:57 Imperial Age
40:28 Iron Casting
40:20 Anarchy
41:38 Perfusion
41:59 Conscription
41:06 Halberdier
41:06 Two-Handed Swordsman
43:25 Chemistry
42:45 Ballistics
43:15 Champion
46:31 Two-Man Saw
49:32 Blast Furnace
49:14 Crop Rotation
49:05 Hand Cart
51:29 Town Patrol
55:42 Heavy Scorpion
57:41 Masonry
57:27 Murder Holes
PremixedHail436
0:29 Loom
17:45 Feudal Age
19:23 Horse Collar
19:37 Stone Mining
19:49 Gold Mining
19:40 Man-at-Arms
20:05 Arson
20:22 Town Watch
20:38 Double-Bit Axe
22:11 Wheelbarrow
25:45 Bloodlines
25:47 Scale Mail Armor
25:47 Padded Archer Armor
28:46 Scale Barding Armor
28:32 Fletching
29:16 Forging
34:08 Castle Age
39:26 Husbandry
38:47 Light Cavalry
38:50 Pikeman
39:31 Squires
39:17 Gambesons
38:52 Long Swordsman
40:30 Heavy Plow
40:49 Chain Mail Armor
40:49 Leather Archer Armor
39:58 Elite Skirmisher
40:44 Thumb Ring
45:52 Ballistics
arisnist
10:11 Feudal Age
10:42 Double-Bit Axe
17:59 Castle Age
16:00 Horse Collar
18:00 Wheelbarrow
20:09 Bow Saw
21:48 Gold Mining
23:37 Fletching
23:59 Scale Barding Armor
28:46 Bodkin Arrow
29:12 Chain Barding Armor
29:27 Hand Cart
32:02 Ballistics
31:53 Stone Mining
37:37 Imperial Age
36:04 Caravan
36:49 Forging
36:40 Padded Archer Armor
39:44 Chemistry
39:23 Bloodlines
39:14 Husbandry
38:34 Light Cavalry
39:45 Pirotechnia
39:57 Silk Road
39:58 Conscription
39:47 Hussar
42:41 Plate Barding Armor
42:43 Iron Casting
44:42 Two-Man Saw
yuanda_sun
12:03 Feudal Age
12:23 Feudal Age
13:17 Horse Collar
13:37 Double-Bit Axe
14:35 Wheelbarrow
14:17 Gold Mining
14:18 Stone Mining
19:26 Castle Age
20:54 Town Watch
21:02 Fletching
21:55 Hand Cart
22:08 Bow Saw
24:33 Town Patrol
26:24 Caravan
28:47 Heavy Plow
30:07 Forging
30:03 Scale Barding Armor
29:54 Bodkin Arrow
34:28 Imperial Age
33:47 Iron Casting
33:33 Chain Barding Armor
34:30 Husbandry
34:43 Bloodlines
36:50 Blast Furnace
36:26 Plate Barding Armor
35:53 Bracer
35:17 Cavalier
40:04 Paladin
40:59 Elite Skirmisher
54:10 Thumb Ring
53:27 Crossbowman
Connection lost

Rejoining the realm…

Still unreachable

The connection could not be restored.

Session expired

The server has moved on; the page needs a fresh start.